 Dungeon Crawl Stone Soup version 0.24.0-10-g970556be89 (webtiles) character file.

Game seed: 6525707505330280757, levelgen mode: deterministic

7051 Monsterracer the Cleaver (level 10, -1/94 HPs)
             Began as a Deep Dwarf Fighter on Nov 3, 2019.
             Was a Priest of Makhleb.
             Slain by a komodo dragon (28 damage)
             ... on level 1 of the Lair of Beasts.
             The game lasted 00:05:05 (8155 turns).

Monsterracer the Cleaver (Deep Dwarf Fighter)       Turns: 8155, Time: 00:05:05

Health: -1/94      AC: 18    Str: 24    XL:     10   Next: 83%
Magic:  12/12      EV: 11    Int:  8    God:    Makhleb [***...]
Gold:   433        SH:  0    Dex: 14    Spells: 9/9 levels left

rFire    . . .     SeeInvis +   l - +1 battleaxe (protect)
rCold    . . .     Gourm    .   (shield currently unavailable)
rNeg     . . .     Faith    .   m - +5 robe of Night {Dark MR+ SInv}
rPois    .         Spirit   .   (no helmet)
rElec    .         Reflect  .   q - +2 cloak
rCorr    .         Harm     .   v - +0 pair of gloves
MR       ++...                  (no boots)
Stlth    +.........             (no amulet)
HPRegen  0.00/turn              (no ring)
MPRegen  0.13/turn              x - +2 ring of dexterity

@: protection aura, non-regenerating, very heavily drained
A: damage resistance, heal wounds, sense surroundings 2, no regeneration
a: Heal Wounds, Minor Destruction, Lesser Servant of Makhleb, Renounce Religion


You were on level 1 of the Lair of Beasts.
You worshipped Makhleb.
Makhleb was most pleased with you.
You were hungry.

You visited 3 branches of the dungeon, and saw 12 of its levels.

You collected 433 gold pieces.

Inventory:

Hand Weapons
 a - a +0 war axe
 l - a +1 battleaxe of protection (weapon)
   (You took it off an orc warrior on level 6 of the Dungeon)
Armour
 f - a +0 large shield
   (You found it on level 10 of the Dungeon)
 m - the +5 robe of Night (worn) {Dark MR+ SInv}
   (You found it on level 10 of the Dungeon)

   It affects your resistance to hostile enchantments.
   It lets you see invisible.
 q - a +2 cloak (worn)
   (You took it off Crazy Yiuf on level 2 of the Dungeon)
 u - a +0 plate armour
   (You took it off an orc warrior on level 9 of the Dungeon)
 v - a +0 pair of gloves (worn)
   (You found it on level 9 of the Dungeon)
Jewellery
 x - a +2 ring of dexterity (right hand)
   (You took it off an orc on level 8 of the Dungeon)
Wands
 k - a wand of iceblast (25)
   (You found it on level 5 of the Dungeon)
 p - a wand of enslavement (5)
   (You found it on level 6 of the Dungeon)
 s - a wand of scattershot (3)
   (You found it on level 7 of the Dungeon)
Scrolls
 b - a scroll of holy word
 r - a scroll of remove curse
 t - 4 scrolls of teleportation {!r}
 X - 3 scrolls of blinking
Potions
 d - 6 potions of heal wounds
 e - 6 potions of curing
 g - 2 potions of agility
 h - a potion of haste
 i - 3 potions of ambrosia {!q}
 j - 4 potions of might
 n - a potion of resistance
 o - 3 potions of flight
Comestibles
 c - 23 rations


   Skills:
 + Level 7.0(3.7) Fighting
 * Level 11.1(7.4) Axes
 - Level 8.4(5.0) Armour
 + Level 0.0 Dodging
 - Level 7.8(4.4) Shields
 + Level 8.1(4.7) Invocations


You had 9 spell levels left.
You didn't know any spells.
Your spell library contained the following spells:

 Spells                   Type           Power        Failure   Level  Hunger
 Animate Skeleton         Necr           N/A          41%         1    ##.....
 Apportation              Tloc           #.....       41%         1    ##.....
 Confusing Touch          Hex            #.....       41%         1    ##.....
 Corona                   Hex            #......      41%         1    ##.....
 Pain                     Necr           #...         41%         1    ##.....
 Summon Small Mammal      Summ           #...         41%         1    ##.....
 Slow                     Hex            #.......     54%         2    ###....
 Inner Flame              Hex/Fire       #.......     78%         3    ####...
 Portal Projectile        Hex/Tloc       #.....       78%         3    ####...
 Vampiric Draining        Necr           #.........   78%         3    ####...
 Animate Dead             Necr           N/A          99%         4    #####..
 Cause Fear               Hex            #.........   99%         4    #####..
 Leda's Liquefaction      Hex/Erth       #.........   99%         4    #####..
 Regeneration             Chrm/Necr      Unusable     N/A         3    N/A

Dungeon Overview and Level Annotations

Branches:
Dungeon (10/15)            Temple (1/1) D:4            Lair (1/6) D:8
    Orc: D:9-12

Altars:
Cheibriados
Dithmenos
Fedhas
Gozag
Makhleb
Nemelex Xobeh
Okawaru
Sif Muna
Trog
Vehumet
Wu Jian
Xom
Zin
The Shining One

Shops:
D:4 }   D:6 *   D:8 :


Innate Abilities, Weirdness & Mutations

You are resistant to damage.
You can heal yourself by infusing magical energy.
You passively map the area around you.
You do not regenerate.


Message History

Things that are here:
a +0 robe; a +0 dagger; a +0 hand axe
There is a stone staircase leading up here.
You climb upwards.
There is a stone staircase leading down here.
There is an open door here.
There is a stone staircase leading up here.
You see here a bullfrog skeleton.
There is a staircase to the Lair here.
You climb downwards.
Welcome to the Lair of Beasts!
Found 14 gold pieces.
There is a staircase back to the Dungeon here.
Found a stone staircase leading down.
You now have 433 gold pieces (gained 14).
A komodo dragon comes into view.
The komodo dragon hisses angrily.
A komodo dragon is nearby!
The komodo dragon closely misses you.
You hit the komodo dragon but do no damage.
Your weapon exudes an aura of protection.
The komodo dragon bites you.
You slash the komodo dragon!
The komodo dragon is moderately wounded.
The komodo dragon bites you. The komodo dragon bites you!!
You are too injured to fight recklessly!
You are too injured to fight recklessly!
You are too injured to fight recklessly!
You are too injured to fight recklessly!
You are too injured to fight recklessly!
You are too injured to fight recklessly!
A komodo dragon is nearby!
You are too injured to fight recklessly!
You are too injured to fight recklessly!
You are too injured to fight recklessly!
You are too injured to fight recklessly!
You are too injured to fight recklessly!
A komodo dragon is nearby!
You are too injured to fight recklessly!
You are too injured to fight recklessly!
You are too injured to fight recklessly!
You are too injured to fight recklessly!
You are too injured to fight recklessly!
The komodo dragon bites you!
* * * LOW HITPOINT WARNING * * *
You feel much better. The komodo dragon closely misses you.
You barely miss the komodo dragon.
The komodo dragon is moderately wounded.
The komodo dragon closely misses you.
You barely miss the komodo dragon.
The komodo dragon is moderately wounded.
The komodo dragon bites you!
You slash the komodo dragon!
Your weapon exudes an aura of protection.
The komodo dragon is heavily wounded.
The komodo dragon bites you but does no damage. x2
You hit the komodo dragon but do no damage.
The komodo dragon is heavily wounded.
The komodo dragon bites you but does no damage.
You slash the komodo dragon!
The komodo dragon is almost dead.
The komodo dragon bites you!!
* * * LOW HITPOINT WARNING * * *
You feel much better. The komodo dragon bites you!
You barely miss the komodo dragon.
The komodo dragon is almost dead.
The komodo dragon bites you!
* * * LOW HITPOINT WARNING * * *
The komodo dragon bites you!
* * * LOW HITPOINT WARNING * * *
You feel much better. The komodo dragon barely misses you.
You barely miss the komodo dragon.
The komodo dragon is severely wounded.
The komodo dragon bites you!!
Unknown command.
You barely miss the komodo dragon.
The komodo dragon is severely wounded.
The komodo dragon bites you!!
* * * LOW HITPOINT WARNING * * *
You hear a loud, deep croak!
You hit the komodo dragon but do no damage.
Your weapon exudes an aura of protection.
The komodo dragon is severely wounded.
A bullfrog comes into view.
The komodo dragon barely misses you. The komodo dragon bites you.
* * * LOW HITPOINT WARNING * * *
You feel much better.
The komodo dragon bites you but does no damage.
You feel much better. The komodo dragon closely misses you.
You hit the komodo dragon but do no damage.
Your weapon exudes an aura of protection.
The komodo dragon is severely wounded.
You completely miss the bullfrog.
The bullfrog hits you but does no damage.
The bullfrog misses you. The komodo dragon bites you!!
* * * LOW HITPOINT WARNING * * *
You fail to use your ability.
You are feeling hungry.
The bullfrog hits you but does no damage.
The komodo dragon bites you!!
You die...

*,,
......<.....
* , , ,
###..###### *
, , #...### *
###.....###*
*
##..........
,
....#.#.....
* ,
.#.#....##..
,
,.#.........#
*,
#...8@..8...*
* **
....F.l.....
+,*
#...8...8...,
,
,#...........
* ** *,
....#...##..
* * ....##.##
.. * * , ,,
,* * * * * +*
*


You could see a komodo dragon and a bullfrog.

Vanquished Creatures
  2 two-headed ogres (D:8 D:10)
  Nergalle (D:10)
  Joseph (D:10)
  2 hippogriffs (D:7 D:9)
  A wyvern (D:9)
  A hungry ghost (D:8)
  2 wargs (D:8)
  An acid dragon (D:10)
  5 orc warriors (D:6 D:8 D:9 D:10)
  2 phantoms (D:6 D:8)
  An eye of draining (D:10)
  An ice beast (D:7)
  A black bear (D:8)
  An ogre (D:6)
  5 centaurs (D:5 D:6 D:7 D:8)
  6 bullfrogs (D:6 D:7 D:8)
  6 scorpions (D:5 D:6 D:7 D:8)
  8 wights (D:6)
  An oklob sapling (D:4)
  5 howler monkeys (D:4 D:5 D:6 D:9 D:10)
  A crimson imp (D:8)
  7 hounds (D:5 D:7 D:8 D:9 D:10)
  A jelly (D:6)
  2 orc priests (D:7 D:9)
  Crazy Yiuf (D:2)
  2 centaur skeletons (D:3 D:6)
  12 orc wizards (D:3 D:4 D:5 D:7 D:8)
  7 worker ants (D:4 D:6 D:7 D:9 D:10)
  3 hound zombies (D:7 D:9 D:10)
  A hound skeleton (D:6)
  A howler monkey skeleton (D:7)
  3 gnolls (D:4)
  14 adders (D:2 D:3 D:4 D:6 D:8)
  A shadow imp (D:6)
  An adder zombie (D:9)
  3 worms (D:2 D:3 D:5)
  2 dart slugs (D:1 D:2)
  6 leopard geckos (D:1 D:3 D:6 D:7 D:8)
  36 orcs (D:3 D:4 D:5 D:6 D:7)
  2 ball pythons (D:2 D:4)
  4 bats (D:3)
  6 giant cockroaches (D:1 D:2 D:3 D:5)
  8 goblins (D:1 D:2)
  5 hobgoblins (D:2 D:3)
  10 kobolds (D:1 D:2 D:3)
  8 quokkas (D:2 D:3 D:5 D:6 D:9)
  2 frilled lizards (D:2 D:4)
  A jackal zombie (D:7)
  A quokka zombie (D:6)
  12 rats (D:1 D:2)
  2 plants (D:4)
218 creatures vanquished.

Notes
Turn   | Place    | Note
-------+----------+-------------------------------------------
     0 | D:1      | Monsterracer the Deep Dwarf Fighter began the quest for the
                  | Orb.
     0 | D:1      | Reached XP level 1. HP: 20/20 MP: 1/1
   129 | D:1      | Reached XP level 2. HP: 24/27 MP: 2/2
   456 | D:1      | HP: 13/27 [goblin/+0 club (1)]
   831 | D:2      | Reached skill level 3 in Axes
   988 | D:2      | Reached XP level 3. HP: 33/33 MP: 3/3
  1171 | D:2      | Found a runed translucent door.
  1172 | D:2      | Noticed Crazy Yiuf
  1193 | D:2      | Found a faded altar of an unknown god.
  1419 | D:2      | Reached XP level 4. HP: 32/42 MP: 4/4
  1741 | D:2      | HP: 20/42 [Crazy Yiuf/+4 quarterstaff of chaos (7)]
  1744 | D:2      | Killed Crazy Yiuf
  1744 | D:2      | Reached skill level 4 in Axes
  2016 | D:3      | Reached XP level 5. HP: 43/49 MP: 4/4
  2407 | D:3      | Found an ornate altar of the Wu Jian Council.
  2902 | D:4      | Reached XP level 6. HP: 51/56 MP: 5/5
  2954 | D:4      | Found a staircase to the Ecumenical Temple.
  2961 | D:4      | Reached skill level 5 in Axes
  2999 | Temple   | Entered the Ecumenical Temple
  3007 | Temple   | Became a worshipper of Makhleb the Destroyer
  3301 | D:4      | Found Gaquug's Gadget Shop.
  3334 | D:5      | Entered Level 5 of the Dungeon
  3365 | D:5      | Reached skill level 1 in Invocations
  3406 | D:5      | Reached XP level 7. HP: 45/63 MP: 6/6
  3484 | D:5      | Found a glowing silver altar of Zin.
  3498 | D:5      | Reached skill level 5 in Shields
  3504 | D:5      | Reached skill level 5 in Armour
  3549 | D:5      | Found a snail-covered altar of Cheibriados.
  3550 | D:5      | Found a sparkling altar of Nemelex Xobeh.
  3551 | D:5      | Found a blossoming altar of Fedhas.
  3679 | D:5      | Reached skill level 6 in Axes
  3995 | D:6      | HP: 32/64 [worker ant (5)]
  4005 | D:6      | HP: 32/64 [orc warrior/+0 battleaxe (19)]
  4044 | D:6      | Reached * piety under Makhleb
  4131 | D:6      | Reached XP level 8. HP: 49/73 MP: 5/7
  4143 | D:6      | HP: 35/73 [wight/+0 halberd (4)]
  4149 | D:6      | HP: 34/73 [wight/+4 falchion of freezing (1)]
  4152 | D:6      | Reached skill level 7 in Axes
  4158 | D:6      | HP: 32/73 [wight/+2 scimitar (2)]
  4286 | D:6      | Found a shimmering blue altar of Sif Muna.
  4347 | D:6      | Reached skill level 5 in Fighting
  4568 | D:6      | Found Joinioma's Elemental Accessories.
  4841 | D:7      | Found a radiant altar of Vehumet.
  4900 | D:7      | Reached skill level 8 in Axes
  4968 | D:7      | Gained mutation: You passively map the area around you.
                  | [Deep Dwarf growth]
  4968 | D:7      | Reached XP level 9. HP: 70/81 MP: 9/9
  4997 | D:7      | Reached skill level 5 in Invocations
  5005 | D:7      | HP: 35/81 [orc wizard/magic dart (8)]
  5021 | D:7      | Reached ** piety under Makhleb
  5555 | D:8      | Noticed a two-headed ogre
  5560 | D:8      | HP: 35/81 [two-headed ogre/+0 giant spiked club (11)]
  5569 | D:8      | HP: 25/81 [two-headed ogre/+0 giant spiked club (21)]
  5575 | D:8      | Killed a two-headed ogre
  5575 | D:8      | Reached skill level 9 in Axes
  5576 | D:8      | HP: 28/82 [bullfrog (4)]
  5660 | D:8      | Found a bloodstained altar of Trog.
  5819 | D:8      | Found Axyata's Book Boutique.
  6002 | D:8      | Reached XP level 10. HP: 83/91 MP: 10/10
  6256 | D:8      | Found a staircase to the Lair.
  6328 | D:8      | Found a shimmering altar of Xom.
  6433 | D:9      | Reached skill level 10 in Axes
  6587 | D:9      | HP: 40/91 [orc priest/divine providence (15)]
  7501 | D:10     | Entered Level 10 of the Dungeon
  7506 | D:10     | Reached *** piety under Makhleb
  7608 | D:10     | Noticed a two-headed ogre
  7620 | D:10     | Killed a two-headed ogre
  7663 | D:10     | Noticed Joseph
  7680 | D:10     | Killed Joseph
  7740 | D:10     | Found a blossoming altar of Fedhas.
  7740 | D:10     | Noticed Nergalle
  7742 | D:10     | Noticed a spectral orc warlord
  7742 | D:10     | HP: 39/92 [Nergalle/bolt of negative energy (29)]
  7744 | D:10     | HP: 9/92 [Nergalle/bolt of negative energy (30)]
  7756 | D:10     | HP: 27/92 [spectral orc warrior/+0 war axe[Nergalle] (2)]
  7763 | D:10     | Killed Nergalle
  7763 | D:10     | Reached skill level 11 in Axes
  8024 | D:10     | Found the +5 robe of Night {Dark MR+ SInv}
  8127 | Lair:1   | Entered Level 1 of the Lair of Beasts
  8138 | Lair:1   | HP: 36/94 [komodo dragon (21)]
  8145 | Lair:1   | HP: 20/94 [komodo dragon (15)]
  8150 | Lair:1   | HP: 4/94 [komodo dragon (26)]
  8151 | Lair:1   | HP: 1/94 [komodo dragon (3)]
  8155 | Lair:1   | Slain by a komodo dragon

Levels and vault maps discovered:
D:1:      saegor_arrival_simple_d, layout_basic
D:2:      layout_loops_corners, first_ration, chequers_ecumenical_altar_simple,
          uniq_crazy_yiuf_cottage
D:3:      layout_basic, lemuel_round_altar
D:4:      layout_rooms, minmay_temple_entry_oklob, serial_shops,
          kennysheep_mini_moat
D:5:      layout_basic, overflow_temple_1_default,
          chequers_temple_overflow_statue_of_worship
D:6:      layout_loops_cross, kennysheep_mini, nicolae_elemental_shop,
          minmay_bent
D:7:      layout_loops_ring, vehumet_crystals
D:8:      layout_basic, overflow_temple_1_default, lemuel_doored_altar,
          erik_lair_orcish_takeover, serial_shops, nicolae_shop_waterfront
D:9:      layout_layer_cave
D:10:     layout_rooms, fedhas_altar_1, uniq_joseph, uniq_nergalle
Temple:   dshaligram_water_room_temple
Lair:1:   layout_small_grid, wad_woods_road_05, grunt_megastairs_2

Skill      XL: |  1  2  3  4  5  6  7  8  9 10 |
---------------+-------------------------------+-----
Axes           | 3 4 5 6 8 9 11 | 11.1
Fighting       | 3 4 5 6 7 |  7.0
Armour         | 4 5 6 7 8 |  8.4
Shields        | 4 5 6 7 |  7.8
Invocations    | 1 3 4 6 8 |  8.1

Action                   |  1- 3 |  4- 6 |  7- 9 | 10-12 || total
-------------------------+-------+-------+-------+-------++-------
Melee: War axe           |   107 |   181 |   389 |   158 ||   835
       Battleaxe         |       |       |       |    91 ||    91
 Abil: Heal Wounds       |     1 |     2 |    12 |    13 ||    28
  Use: Scroll            |       |       |    18 |     4 ||    22
 Stab: Invisible         |       |     2 |       |       ||     2
  Eat: Chunk             |     2 |     6 |    11 |     7 ||    26
       Ration            |       |       |     1 |       ||     1
Armor: Scale mail        |    32 |    69 |   162 |    34 ||   297
       Plate armour      |       |       |       |   132 ||   132
       Robe              |       |       |       |     6 ||     6
Dodge: Dodged            |    36 |    59 |   136 |    74 ||   305
Block: Shield            |    43 |    95 |   232 |    85 ||   455
